 Dungeon Crawl Stone Soup version 0.31-a0-188-g5e087ee2ca (webtiles) character file.

Game seed: 11815306163349900564

58 qw the Shooter (level 3, -2/20 HPs)
             Began as a Deep Elf Hunter on June 23, 2023.
             Slain by Grinder (4 damage)
             ... while paralysed by Grinder
             ... on level 3 of the Dungeon.
             The game lasted 00:00:33 (1316 turns).

qw the Shooter (Deep Elf Hunter)                    Turns: 1316, Time: 00:00:34

Health: -2/20      AC:  5    Str: 10    XL:     3   Next: 75%
Magic:  5/5        EV:  2    Int: 13    God:
Gold:   167        SH:  0    Dex: 18    Spells: 2/2 levels left

rFire   . . .        Y - +0 shortbow
rCold   . . .        (shield currently unavailable)
rNeg    . . .        g - +0 ring mail
rPois   .            (no helmet)
rElec   .            (no cloak)
rCorr   .            (no gloves)
SInv    .            (no boots)
Will    .....        (no amulet)
Stlth   +            (no ring)
HPRegen 0.23/turn    (no ring)
MPRegen 0.09/turn

%: no passive effects
@: paralysed
A: no striking features
a: no special abilities


You were on level 3 of the Dungeon.
You visited 1 branch of the dungeon, and saw 3 of its levels.

You collected 167 gold pieces.


   Skills:
 - Level 1.5 Fighting
 + Level 7.2 Ranged Weapons
 - Level 2.4 Dodging
 - Level 1.2 Stealth


You had 2 spell levels left.
You didn't know any spells.
Your spell library was empty.

Inventory:

Hand Weapons
 Y - a +0 shortbow (weapon)
Armour
 g - a +0 ring mail (worn)
Scrolls
 h - a scroll of identify
 i - a scroll of enchant weapon {unknown}
Potions
 a - a potion of curing
 b - a potion of cancellation {unknown}
 c - a potion of attraction {unknown}
 d - a potion of heal wounds
 e - a potion of mutation {unknown}
 f - a potion of haste {unknown}

Dungeon Overview and Level Annotations

Branches:
Dungeon (3/15)

Altars:

Annotations:
D:3 Grinder


Message History

You kill the kobold!
Grinder comes into view.
Grinder shouts!
You see here a golden potion.
You shoot an arrow. The arrow closely misses Grinder.
You shoot an arrow. The arrow barely misses Grinder.
Grinder blinks!
You shoot an arrow. The arrow hits Grinder.
Grinder is lightly wounded.
Grinder gestures at you. Pain shoots through your body!
You shoot an arrow.
The arrow hits Grinder but does no damage.
Grinder is lightly wounded.
You shoot an arrow. The arrow barely misses Grinder.
You shoot an arrow. The arrow hits Grinder.
Grinder is moderately wounded.
Grinder closely misses you. x2
You shoot an arrow. The arrow closely misses Grinder.
Grinder blinks!
You shoot an arrow. The arrow closely misses Grinder.
You shoot an arrow. The arrow closely misses Grinder.
You shoot an arrow.
The arrow hits Grinder but does no damage.
Grinder is moderately wounded.
Grinder barely misses you.
You shoot an arrow.
The arrow hits Grinder but does no damage.
Grinder is moderately wounded.
Grinder says, "You look like you could use a good racking."
Grinder gestures at you. You resist with significant effort.
You shoot an arrow. The arrow hits Grinder.
Grinder is moderately wounded.
Grinder says, "Tell me all your secrets, or I'll kill you."
Grinder gestures at you.
You suddenly lose the ability to move!
Grinder hits you.
You writhe in agony.
Grinder hits you.
You writhe in agony.
Grinder hits you.
You die...

.. ..# ....# ...#
..#....# #.#
..#.#....... # ..#
#...#.....#
................#
#..#..#.#.......#
......#.##....)#
....)%..##..@..#
..~.....###.5..#
.~.~..#.# #....#
#.......###....##.#
######............#
#.......##########
#.#####.# #.# #.#
#.#####.#


You could see Grinder.

Vanquished Creatures
  An adder (D:2)
  2 dart slugs (D:1)
  2 endoplasms (D:2)
  3 giant cockroaches
  6 goblins
  6 hobgoblins
  5 kobolds
  7 ball pythons
  6 bats
  2 frilled lizards (D:2)
  A rat (D:1)
41 creatures vanquished.

Notes
Turn   | Place    | Note
-------+----------+-------------------------------------------
     0 | D:1      | qw the Deep Elf Hunter began the quest for the Orb.
     0 | D:1      | Reached XP level 1. HP: 12/12 MP: 3/3
     0 | D:1      | 0 ||| qw: Version: 0.3-a-9-g12657ce
     0 | D:1      | 0 ||| qw: Game counter: 4174
     0 | D:1      | 0 ||| qw: Always use a shield: true
     0 | D:1      | 0 ||| qw: God list: Okawaru
     0 | D:1      | 0 ||| qw: Allow faded altars: false
     0 | D:1      | 0 ||| qw: Do Orc after D:15 true
     0 | D:1      | 0 ||| qw: Do second Lair branch before Depths: true
     0 | D:1      | 0 ||| qw: Lair rune preference: random
     0 | D:1      | 0 ||| qw: Plans: Normal
     0 | D:1      | 0 ||| PLANNING D:1-11
    83 | D:1      | 83 ||| Stepping ~*~*~tactically~*~*~ (outnumbered).
    90 | D:1      | Reached XP level 2. HP: 15/16 MP: 4/4
    91 | D:1      | Reached skill level 6 in Ranged Weapons
   608 | D:1      | 608 ||| DROPPING ring of magical power.
   609 | D:1      | 609 ||| READING scroll labelled ORIODOTTOT.
   610 | D:1      | 610 ||| READING scroll labelled FAQYTE WEINA.
   711 | D:1      | 711 ||| DRINKING 2 pink potions.
   712 | D:1      | 712 ||| DROPPING scroll of butterflies.
   744 | D:2      | Reached XP level 3. HP: 17/20 MP: 5/5
   913 | D:2      | Reached skill level 7 in Ranged Weapons
  1216 | D:2      | 1216 ||| UPGRADING to +0 ring mail.
  1226 | D:2      | 1226 ||| DROPPING +0 leather armour.
  1227 | D:2      | 1227 ||| READING 2 scrolls of identify.
  1227 | D:2      | 1227 ||| IDENTIFYING coppery potion
  1302 | D:3      | Noticed Grinder
  1314 | D:3      | Paralysed by Grinder for 5 turns
  1315 | D:3      | HP: 2/20 [Grinder (5)]
  1316 | D:3      | Slain by Grinder

Levels and vault maps discovered:
D:1:      lightli_arrival_farm, layout_basic, st_stairs_13, hex_intersection,
          minmay_tromino_v4_b
D:2:      layout_rooms
D:3:      layout_basic, gammafunk_ghost_smash, serial_rivers,
          chequers_serial_rivers_small_b, chequers_serial_rivers_micro_e,
          chequers_serial_rivers_micro_c, chequers_serial_rivers_micro_d,
          chequers_serial_rivers_small_3, chequers_serial_rivers_small_b,
          minmay_splitting_lines, dk_noncrumbling_4, minivault_19, uniq_grinder,
          uniq_jessica

Skill      XL: |  1  2  3 |
---------------+----------+-----
Ranged Weapons | 6 7 |  7.2
Fighting       | |  1.5
Dodging        | |  2.4
Stealth        | |  1.2

Action                     || total
---------------------------++-------
   Fire: Shortbow          ||   133
    Use: Scroll            ||     3
         Potion            ||     1
 Armour: Leather armour    ||    10
         Ring mail         ||     1
  Dodge: Dodged            ||    28

Table legend:
 A = Non-vault XP
 B = Vault XP
 C = Vault XP percentage of total XP
 D = Non-vault monster count
 E = Vault monster count
 F = Vault count percentage of total count
                 A         B        C        D         E       F
            +---------+---------+-------+---------+---------+-------
      Total |      78 |       5 |   6.0 |      38 |       3 |   7.3
            +---------+---------+-------+---------+---------+-------
        D:1 |      35 |       5 |  12.5 |      19 |       3 |  13.6
        D:2 |      35 |       0 |   0.0 |      15 |       0 |   0.0
        D:3 |       8 |       0 |   0.0 |       4 |       0 |   0.0
            +---------+---------+-------+---------+---------+-------
